 Dungeon Crawl Stone Soup version 0.31-a0-986-g5e6e4ef867 (webtiles) character file.

Game seed: 15024376230093968969

359 gelatine the Trooper (level 6, -42/48 HPs)
             Began as a Demonspawn Fighter on Nov 21, 2023.
             Annihilated by an ogre
             ... wielding a +0 giant spiked club
              (48 damage)
             ... on level 5 of the Dungeon.
             The game lasted 00:09:35 (3251 turns).

gelatine the Trooper (Demonspawn Fighter)           Turns: 3251, Time: 00:09:36

Health: -42/48     AC:  7    Str: 25    XL:     6   Next: 37%
Magic:  6/6        EV: 11    Int: 15    God:
Gold:   236        SH:  8    Dex: 12    Spells: 5/5 levels left

rFire   + . .        o - +9 club
rCold   . . .        c - +0 buckler
rNeg    . . .        x - +2 leather armour {rF+}
rPois   .            (no helmet)
rElec   .            h - +1 cloak
rCorr   .            (no gloves)
SInv    .            (no boots)
Will    .....        (no amulet)
Stlth   +            i - +6 ring of strength
HPRegen 0.28/turn    p - +6 ring of intelligence
MPRegen 0.10/turn

%: no passive effects
@: no status effects
A: hooves 1, large bone plates 1, foul stench 1
a: no special abilities


You were on level 5 of the Dungeon.
You visited 1 branch of the dungeon, and saw 5 of its levels.

You collected 260 gold pieces.
You spent 24 gold pieces at shops.

Inventory:

Hand Weapons
 a - a +0 war axe
 o - a +9 club (weapon)
Missiles
 g - 3 datura-tipped darts (quivered)
Armour
 c - a +0 buckler (worn)
 h - a +1 cloak (worn)
 x - a +2 leather armour of fire resistance (worn)
Magical Staves
 u - a staff of cold
Jewellery
 i - a +6 ring of strength (left hand)
 p - a +6 ring of intelligence (right hand)
Wands
 f - a wand of flame (26)
 j - a wand of iceblast (10)
 n - a wand of paralysis (13)
Scrolls
 e - 3 scrolls of fear {unknown}
 m - a scroll of fog {unknown}
 q - a scroll of revelation {unknown}
 r - 2 scrolls of noise {unknown}
 s - a scroll of enchant armour {unknown}
 t - 2 scrolls of butterflies {unknown}
 v - a scroll of poison {unknown}
Potions
 b - a potion of mutation {unknown}
 d - a potion of might
 k - a potion of lignification
 l - 2 potions of cancellation
 w - a potion of attraction {unknown}


   Skills:
 * Level 4.1 Fighting
 + Level 3.1(3.4) Axes
 + Level 1.6(2.6) Maces & Flails
 + Level 0.2 Throwing
 + Level 3.8 Armour
 * Level 1.4 Dodging
 + Level 0.3 Stealth
 * Level 3.4 Shields
 * Level 0.2 Spellcasting
 * Level 0.2 Evocations


You had 5 spell levels left.
You didn't know any spells.
Your spell library was empty.

Dungeon Overview and Level Annotations

Branches:
Dungeon (5/15)
 Temple: D:4-7

Altars:
Ashenzari

Shops:
D:3 ?


Innate Abilities, Weirdness & Mutations

You have large cloven feet.
You are partially covered in large bone plates. (SH +4)
You may rarely emit foul miasma when damaged in melee.


Message History

The gnoll hits you with a +0 spear.
You emit a cloud of foul miasma!
You block the gnoll's attack.
You sock the gnoll! Your kick misses the gnoll.
The gnoll is almost dead.
The gnoll is engulfed in dark miasma.
The gnoll is poisoned.
You block the gnoll's attack. The gnoll completely misses you.
You sock the gnoll!
You kill the gnoll!
The gnoll is engulfed in dark miasma.
The gnoll looks even sicker.
You kill the gnoll!
Things that are here:
a +0 spear; a gnoll corpse
Things that are here:
a +0 flail; a +0 spear; a gnoll corpse HP restored.
A jelly comes into view.
Found a scroll labelled VAG XIHIVY.
The jelly quivers.
You thump the jelly!
Your hands burn!
You kick the jelly, but do no damage.
The jelly is moderately wounded.
The jelly hits you but does no damage.
You thump the jelly!
Your hands burn!
You kick the jelly.
You kill the jelly!
An ogre comes into view. It is wielding a +0 giant spiked club.
You throw a datura-tipped dart. The datura-tipped dart hits the ogre.
The ogre flies into a frenzy!
The ogre shouts!
You hear an angry growl.
The ogre shouts!
You hit the ogre. You kick the ogre.
The ogre is moderately wounded.
The ogre hits you with a +0 giant spiked club!!!
Ouch! That really hurt!
* * * LOW HITPOINT WARNING * * *
You emit a cloud of foul miasma!
You thump the ogre!
The ogre is heavily wounded.
The ogre is engulfed in dark miasma.
The ogre is poisoned.
The ogre hits you with a +0 giant spiked club!!!
Ouch! That really hurt!
You die...

.###..... ..#....#
......# #...g.#
#.....# #...g.#
#########.....#
##..O@.........#
##....###.......##
######...###
#####...g####
........##
####.)..##
....?....########
###...#
..###.........<.##
##..#
........#####...#
#.g#
..............#..##
#..#
###.......###...).##
##..#


You could see a neutral ogre (fast, strong, frenzied, poisoned).

Vanquished Creatures
  A scorpion (D:4)
  A howler monkey (D:4)
  A jelly (D:5)
  Ijyb (D:3)
  An orc wizard (D:4)
  3 adders
  7 gnolls
  A white imp (D:3)
  2 worms
  2 dart slugs
  4 endoplasms
  6 giant cockroaches
  5 goblins
  5 hobgoblins
  4 jackals (D:1)
  3 quokkas (D:1)
  4 ball pythons
  6 bats
  3 frilled lizards
  5 kobolds
  8 rats
73 creatures vanquished.

Vanquished Creatures (collateral kills)
  3 orcs (D:4)
3 creatures vanquished.

Vanquished Creatures (others)
  An orc (D:4)
1 creature vanquished.

Grand Total: 77 creatures vanquished

Notes
Turn   | Place    | Note
-------+----------+-------------------------------------------
     0 | D:1      | gelatine the Demonspawn Fighter began the quest for the
                  | Orb.
     0 | D:1      | Reached XP level 1. HP: 18/18 MP: 1/1
   279 | D:1      | Gained mutation: You have large cloven feet. [demonic
                  | ancestry]
   279 | D:1      | Reached XP level 2. HP: 12/24 MP: 2/2
   893 | D:2      | Gained mutation: You may rarely emit foul miasma when
                  | damaged in melee. [demonic ancestry]
   893 | D:2      | Reached XP level 3. HP: 29/29 MP: 3/3
  1189 | D:2      | Reached XP level 4. HP: 22/35 MP: 4/4
  1509 | D:3      | Noticed Ijyb
  1511 | D:3      | Paralysed by Ijyb for 5 turns
  1523 | D:3      | Paralysed by Ijyb for 4 turns
  1530 | D:3      | Killed Ijyb
  1736 | D:3      | Found a broken altar of Ashenzari.
  1863 | D:3      | Found a faded altar of an unknown god.
  1936 | D:3      | Reached skill level 1 in Dodging
  1936 | D:3      | Reached XP level 5. HP: 42/42 MP: 5/5
  2006 | D:3      | Found Itwish's Magic Scroll Shop.
  2009 | D:3      | Bought a scroll of identify for 24 gold pieces
  2385 | D:4      | Reached skill level 4 in Fighting
  2727 | D:4      | Reached skill level 1 in Maces & Flails
  2995 | D:4      | Gained mutation: You are partially covered in large bone
                  | plates. (SH +4) [demonic ancestry]
  2995 | D:4      | Reached XP level 6. HP: 46/48 MP: 6/6
  3157 | D:5      | Entered Level 5 of the Dungeon
  3251 | D:5      | Annihilated by an ogre

Illustrated notes

Levels and vault maps discovered:
D:1:      nzn_arrival_crosshair, layout_basic, minmay_misc_feat_four_crosses,
          due_unseen_surprise
D:2:      layout_rooms
D:3:      layout_rooms, mainiacjoe_overflow_catwalk,
          shapermc_ecumenical_altar_totnotflames, serial_shops, shop, uniq_ijyb
D:4:      layout_basic, minmay_misc_feat_room
D:5:      layout_layer_cave, gammafunk_ghost_stat_death,
          nicolae_kite_square_tiling_tiny, minmay_misc_feat_doors

Skill      XL: |  1  2  3  4  5 |
---------------+----------------+-----
Axes           | 2 3 |  3.1
Armour         | 3 |  3.8
Shields        | 3 |  3.4
Dodging        | 1 |  1.4
Fighting       | 4 |  4.1
Maces & Flails | 1 |  1.6
Throwing       | |  0.2
Stealth        | |  0.3
Spellcasting   | |  0.2
Evocations     | |  0.2

Action                     |  1- 3 |  4- 6 || total
---------------------------+-------+-------++-------
  Melee: War axe           |    92 |    19 ||   111
         Kick              |    13 |    17 ||    30
         Club              |       |    62 ||    62
  Throw: Dart              |       |     8 ||     8
    Use: Scroll            |       |     3 ||     3
         Potion            |       |     2 ||     2
 Armour: Scale mail        |    64 |    47 ||   111
         Leather armour    |       |     7 ||     7
  Dodge: Dodged            |    51 |    32 ||    83
  Block: Buckler           |    23 |    19 ||    42

Table legend: (Time is in decaauts)
 A = Elapsed time spent in this place.
 B = Non-inter-level travel time spent in this place.
 C = Inter-level travel time spent in this place.
 D = Time resting spent in this place.
 E = Time spent auto-exploring this place.
 F = Levels seen in this place.
 G = Mean time per level.
                   A        B        C        D        E       F      G
               +--------+--------+--------+--------+--------+-----+--------+
         Total |   3311 |   3220 |     91 |      0 |   2533 |   5 |  662.2 |
       Dungeon |   3311 |   3220 |     91 |      0 |   2533 |   5 |  662.2 |
               +--------+--------+--------+--------+--------+-----+--------+

Top non-repeatable levels by time:
     D:4: 1019 daAuts
     D:1: 908 daAuts
     D:2: 643 daAuts
     D:3: 642 daAuts
     D:5: 97 daAuts
